 Dungeon Crawl Stone Soup version 0.15-a0-481-g5350d32 (webtiles) character file.

210 Malachi the Ducker (level 5, 0/36 HPs)
             Began as an Octopode Fighter on May 8, 2014.
             Slain by an orc
             ... wielding a +0,+0 flail
              (5 damage)
             ... on Level 4 of the Dungeon.
             The game lasted 00:03:39 (3151 turns).

Malachi the Ducker (Octopode Fighter)               Turns: 3151, Time: 00:03:39

HP   0/36        AC  1     Str 17      XL: 5   Next: 88%
MP   5/5         EV 11     Int 10      God:
Gold 182         SH 18     Dex 11      Spells:  0 memorised,  4 levels left

rFire  . . .     SeeInvis .     a - +0 long sword
rCold  . . .     Clarity  .     c - +0 shield
rNeg   . . .     Conserve .     (helmet restricted)
rPois  .         rCorr    .     (no amulet)
rElec  .         rRot     .     (no ring)
SustAb . .       Spirit   .     (no ring)
rMut   .         Warding  .     (no ring)
Saprov . . .     Stasis   .     (no ring)
MR     .....                    (no ring)
                                (no ring)
                                (no ring)
                                (no ring)

@: lethally poisoned, not resistant to hostile enchantments, fairly stealthy
A: almost no armour, amphibious, 8 rings, constrict 8, camouflage 1, gelatinous
body 1
a: no special abilities


You were on level 4 of the Dungeon.
You were very hungry.

You visited 1 branch of the dungeon, and saw 4 of its levels.

You collected 182 gold pieces.

Inventory:

Hand weapons
 a - a +0,+0 long sword (weapon)
Armour
 c - a +0 shield (worn)
 p - a +0 cloak
Comestibles
 d - 2 bread rations
 s - 13 sultanas
 w - a meat ration
Scrolls
 f - 5 scrolls of identify {unknown}
 g - 2 scrolls of remove curse {unknown}
 j - a scroll of fog {unknown}
 m - a scroll of noise {unknown}
 n - a scroll of random uselessness {unknown}
 o - 2 scrolls of teleportation {unknown}
 t - a scroll of recharging {unknown}
 u - 2 scrolls of magic mapping {unknown}
 x - a scroll of blinking {unknown}
Jewellery
 q - an uncursed ring of see invisible {unknown}
 v - an uncursed amulet of resist mutation {unknown}
Potions
 b - a potion of magic
 e - 2 potions of might
 h - a potion of haste {unknown}
 i - 2 potions of cure mutation {unknown}
 k - 2 potions of heal wounds {unknown}
 l - 2 potions of curing {unknown}
 r - a potion of agility {unknown}
 z - a potion of brilliance {unknown}
Books
 y - a book of Clouds

   Spells                             Type                      Level
   Mephitic Cloud                     Conjuration/Poison/Air       3
   Conjure Flame                      Conjuration/Fire             3
   Poisonous Cloud                    Conjuration/Poison/Air       6
   Freezing Cloud                     Conjuration/Ice/Air          6
   Ring of Flames                     Charms/Fire                  7


   Skills:
 + Level 3.5 Fighting
 + Level 2.9 Long Blades
 + Level 4.5 Dodging
 + Level 2.2 Stealth
 + Level 4.0 Shields


You had 4 spell levels left.
You didn't know any spells.

Dungeon Overview and Level Annotations

Branches:
Dungeon (4/15)
 Temple: D:4-7

Altars:


Innate Abilities, Weirdness & Mutations

You cannot wear most types of armour.
You are amphibious.
You can wear up to eight rings at the same time.
You can use your tentacles to constrict many enemies at once.
Your skin changes colour to match your surroundings (Stealth).
Your rubbery body absorbs attacks (AC +1).


Message History

The orc shouts!
A giant newt comes into view.
You hit the worker ant. Your grab misses the worker ant.
The worker ant is moderately wounded.
The worker ant bites you.
You are poisoned.
The worker ant poisons you! You block the orc's attack.
You block the worker ant's attack. The orc hits you with a flail!
You hit the worker ant. You grab the worker ant.
You squeeze the worker ant, but do no damage.
The worker ant is moderately wounded.
You constrict the worker ant, but do no damage.
You feel sick. The worker ant barely misses you. You block the orc's attack.
You block the worker ant's attack.
You hit the worker ant.
The worker ant is heavily wounded.
You constrict the worker ant.
You feel sick. The worker ant bites you!
* * * LOW HITPOINT WARNING * * *
The orc hits you with a flail.
You die...

###.######### ######.#
.######...##.#######
.........)............
.######...##.#######
#.......#
#########.......#
#................#
#....l.o@....##.##
#......a...####.#
...######## #.# .. .


You could see a worker ant, an orc and a giant newt.

Vanquished Creatures
  A centaur (D:4)
  Ijyb (D:3)
  2 adders (D:3)
  3 gnolls (D:2)
  A worm (D:3)
  2 ball pythons
  2 giant cockroaches
  4 hobgoblins
  8 jackals
  10 bats
  3 giant geckos
  2 giant newts (D:1)
  12 goblins
  7 kobolds
  10 rats
68 creatures vanquished.

Notes
Turn   | Place    | Note
--------------------------------------------------------------
     0 | D:1      | Malachi, the Octopode Fighter, began the quest for the Orb.
     0 | D:1      | Reached XP level 1. HP: 16/16 MP: 1/1
   330 | D:1      | Reached XP level 2. HP: 21/21 MP: 2/2
  1100 | D:2      | Reached XP level 3. HP: 17/26 MP: 3/3
  1397 | D:2      | Reached skill level 1 in Stealth
  1407 | D:2      | Reached XP level 4. HP: 5/31 MP: 4/4
  2401 | D:3      | Noticed Ijyb
  2407 | D:3      | Killed Ijyb
  2467 | D:3      | Reached skill level 4 in Dodging
  2507 | D:3      | Reached XP level 5. HP: 33/36 MP: 5/5
  3078 | D:4      | Noticed a centaur
  3088 | D:4      | Killed a centaur
  3151 | D:4      | Slain by an orc

Action                   |  1- 3 |  4- 6 || total
-------------------------+-------+-------++-------
Melee: Long sword        |    71 |    79 ||   150
  Use: Potion            |       |     1 ||     1
 Stab: Sleeping          |     5 |     1 ||     6
